 Dungeon Crawl Stone Soup version 0.20.1-1-g8b1a95d (webtiles) character file.

235 equalderp2856 the Chopper (level 5, 0/41 HPs)
             Began as a Mummy Fighter on Oct 28, 2017.
             Slain by Pikel
             ... wielding a +0 whip of electrocution
              (2 damage)
             ... while paralysed by Pikel
             ... on level 4 of the Dungeon.
             The game lasted 00:03:40 (3235 turns).

equalderp2856 the Chopper (Mummy Fighter)           Turns: 3235, Time: 00:03:40

Health: 0/41       AC:  9    Str: 19    XL:     5   Next: 76%
Magic:  17/17      EV:  2    Int:  9    God:
Gold:   225        SH:  0    Dex: 11    Spells: 8/8 levels left

rFire    x . .     SeeInvis .   a - +0 war axe
rCold    + . .     Gourm    .   c - +0 shield
rNeg     + + +     Faith    .   b - +0 scale mail
rPois    ∞         Spirit   .   (no helmet)
rElec    .         Reflect  .   (no cloak)
rCorr    .         Harm     .   n - +0 pair of gloves
MR       .....                  p - +0 pair of boots
Stlth    ..........             (no amulet)
Regen    0.2/turn               f - +3 ring of evasion
MPRegen  0.2/turn               l - ring of magical power

@: paralysed
A: no food or potions, fire vulnerability, cold resistance 1, negative energy
resistance 3, torment resistance, unbreathing
a: no special abilities


You were on level 4 of the Dungeon.
You were not hungry.

You visited 1 branch of the dungeon, and saw 4 of its levels.

You collected 225 gold pieces.

Inventory:

Hand Weapons
 a - a +0 war axe (weapon)
Armour
 b - a +0 scale mail (worn)
 c - a +0 shield (worn)
 n - a +0 pair of gloves (worn)
 p - a +0 pair of boots (worn)
Jewellery
 f - a +3 ring of evasion (left hand)
 l - a ring of magical power (right hand)
 m - an uncursed ring of magical power
Scrolls
 d - 4 scrolls of teleportation {unknown}
 e - 2 scrolls of enchant weapon {unknown}
 g - 4 scrolls of identify {unknown}
 h - a scroll of magic mapping {unknown}
 i - a scroll of fear {unknown}
 j - a scroll of fog {unknown}
 k - a scroll of amnesia {unknown}
 o - a scroll of remove curse {unknown}
 q - a scroll of immolation {unknown}


   Skills:
 + Level 3.4 Fighting
 * Level 3.6 Axes
 + Level 2.9 Armour
 + Level 0.8 Dodging
 + Level 0.1 Stealth
 + Level 2.9 Shields
 * Level 2.0 Spellcasting


You had 8 spell levels left.
You didn't know any spells.

Dungeon Overview and Level Annotations

Branches:
Dungeon (4/15)
 Temple: D:4-7

Altars:
Nemelex Xobeh

Annotations:
D:4 Pikel


Innate Abilities, Weirdness & Mutations

You do not eat or drink.
Your flesh is vulnerable to fire.
You are immune to poison.
Your flesh is cold resistant. (rC+)
You are immune to negative energy. (rN+++)
You are immune to unholy pain and torment.
You can survive without breathing.


Message History

The slave hits you.
Unknown command.
You block the slave's attack. You block the slave's attack.
An ogre comes into view. It is wielding a giant spiked club.
The ogre shouts!
The slave hits you.
Unknown command.
You see here a worker ant corpse.
Unknown command.
Unknown command.
Pikel checks his coin pouch and frowns.
Pikel zaps a wand.
You suddenly lose the ability to move!
It is a wand of paralysis (?/24).
Pikel hits you with a whip of electrocution.
You are electrocuted!
Pikel hits you but does no damage.
You are electrocuted!
* * * LOW HITPOINT WARNING * * *
Pikel hits you with a whip of electrocution.
You die...

#. ### #.# #.. #.# #.#
## #.# #.#
#...###########.######.#
#.....................
...###@#.###.....####.#
#K#.# #....## #.#
#p#.###...## #.#
#p#......># #..
#p#####.#.# ### #O#
#.#+# .p. #.. p###. ....
# .O .# ..... #


You could see Pikel, an ogre and 4 slaves.

Vanquished Creatures
  A bullfrog (D:3)
  A worker ant (D:4)
  4 adders
  2 oozes (D:2)
  An adder skeleton (D:4)
  A worm (D:3)
  A dart slug (D:2)
  A leopard gecko (D:1)
  3 orcs
  3 ball pythons
  5 giant cockroaches
  13 goblins
  14 hobgoblins
  8 jackals
  2 quokkas
  6 bats
  2 frilled lizards (D:2)
  5 kobolds
  2 quokka skeletons (D:4)
  6 rats
81 creatures vanquished.

Notes
Turn   | Place    | Note
-------+----------+-------------------------------------------
     0 | D:1      | equalderp2856 the Mummy Fighter began the quest for the Orb.
     0 | D:1      | Reached XP level 1. HP: 18/18 MP: 1/1
   334 | D:1      | Reached XP level 2. HP: 14/24 MP: 2/2
  1025 | D:2      | Reached XP level 3. HP: 20/29 MP: 3/3
  1694 | D:2      | Reached XP level 4. HP: 35/35 MP: 5/5
  1695 | D:2      | Reached skill level 1 in Spellcasting
  1833 | D:2      | Found a sparkling altar of Nemelex Xobeh.
  1923 | D:3      | Noticed a bullfrog
  1931 | D:3      | Killed a bullfrog
  1931 | D:3      | Reached XP level 5. HP: 34/41 MP: 7/7
  3216 | D:4      | Noticed Pikel
  3217 | D:4      | Noticed a slave
  3217 | D:4      | Noticed a slave
  3218 | D:4      | Noticed a slave
  3219 | D:4      | Noticed a slave
  3225 | D:4      | Noticed an ogre
  3231 | D:4      | Paralysed by Pikel for 7 turns
  3234 | D:4      | HP: 2/41 [Pikel/whip of electrocution (18)]
  3235 | D:4      | Slain by Pikel

Skill      XL: |  1  2  3  4  5 |
---------------+----------------+-----
Axes           | 2 3 |  3.6
Spellcasting   | 1 2 |  2.0
Fighting       | |  3.4
Armour         | |  2.9
Dodging        | |  0.8
Stealth        | |  0.1
Shields        | |  2.9

Action                   |  1- 3 |  4- 6 || total
-------------------------+-------+-------++-------
Melee: War axe           |   172 |   154 ||   326
Armor: Scale mail        |    77 |    66 ||   143
Dodge: Dodged            |    71 |    80 ||   151
Block: Shield            |    94 |    86 ||   180
